Match 41710654
Unlisted

Match 41710654
End
Construct Section Command Post
Dingo Light Scout Car
Infantry Section
Infantry Section
Infantry Section
Construct Platoon Command Post
Unlock M3 Stuart Light Tanks
M3 Stuart Light Tank
M3 Stuart Light Tank
6-pounder Anti-tank Gun Team
Construct Company Command Post
Selects Canadian Shock Battlegroup
Selects Incendiary Munitions
Selects Pyrotechnics
Foot Guards Section
Construct Field Infirmary
Unlock M3 Grant Medium Tanks
Foot Guards Section
M3 Grant Medium Tank
Selects Attacking Spirit
Selects Canadian Shock Section
Selects Smoke Operation
Smoke Operation
M3 Grant Medium Tank
Armored Vehicle Training
M3 Grant Medium Tank
Selects Churchill Crocodile Heavy Tank
Smoke Operation
Smoke Operation
Churchill Crocodile Heavy Tank
Foot Guards Section
カルト_くん
U NOOB EZ
ManOfWar
cahicek
0
0

Comments sign in to comment!

No comments posted yet!